 Dungeon Crawl Stone Soup version 0.32-a0-814-g0968bab981 (webtiles) character file.

Game seed: 7175505682248493777

54 runemasterragnar the Shooter (level 3, -6/30 HPs)
             Began as a Coglin Hunter on Mar 22, 2024.
             Was a Follower of Cheibriados.
             Blown up by Ijyb (14 damage)
             ... with a mindburst bolt
             ... on level 3 of the Dungeon.
             The game lasted 00:01:36 (1352 turns).

runemasterragnar the Shooter (Coglin Hunter)        Turns: 1352, Time: 00:01:36

Health: -6/30      AC:  3    Str: 17    XL:     3   Next: 91%
Magic:  3/3        EV: 11    Int:  9    God:    Cheibriados [*.....]
Gold:   111        SH:  0    Dex: 20    Spells: 2/2 levels left

rFire   . . .        a - +2 sling {Pancho}
rCold   . . .        d - +0 sling {Akal}
rNeg    . . .        c - +0 leather armour
rPois   .            (no helmet)
rElec   .            (no cloak)
rCorr   .            (no gloves)
SInv    .            (no boots)
Will    .....        (amulet unavailable)
Stlth   ++           (ring unavailable)
HPRegen 0.25/turn    (ring unavailable)
MPRegen 0.08/turn    (no gizmo)

%: no passive effects
@: revving, very slow
A: off-hand wielding, slow wielding, warmup strikes, no jewellery, deterioration
1, robust 1, strong 1
a: Invent Gizmo, Renounce Religion, Bend Time


You were on level 3 of the Dungeon.
You worshipped Cheibriados.
Cheibriados was aware of your devotion.
You visited 1 branch of the dungeon, and saw 3 of its levels.

You collected 111 gold pieces.

Inventory:

Hand Weapons
 a - a +2 sling (weapon) {Pancho}
 d - a +0 sling (offhand) {Akal}
Armour
 c - a +0 leather armour (worn)
Scrolls
 b - a scroll of butterflies
 f - a scroll of fear {unknown}
 g - 2 scrolls of enchant armour {unknown}
 h - a scroll of teleportation {unknown}
 j - a scroll of acquirement {unknown}
 k - a scroll of noise {unknown}
 l - a scroll of revelation {unknown}


   Skills:
 + Level 2.8 Fighting
 * Level 4.5 Ranged Weapons
 - Level 1.7 Dodging
 - Level 0.7 Stealth


You had 2 spell levels left.
You didn't know any spells.
Your spell library contained the following spells:

 Spells                   Type           Power      Damage    Failure   Level
 Apportation              Tloc           0%         N/A       45%         1
 Magic Dart               Conj           0%         1d3       45%         1
 Blink                    Tloc           0%         N/A       58%         2
 Call Imp                 Summ           0%         N/A       58%         2
 Jinxbite                 Hex            0%         N/A       58%         2
 Alistair's Intoxication  Alch           0%         N/A       100%        5


Dungeon Overview and Level Annotations

Branches:
Dungeon (3/15)

Altars:
Cheibriados

Annotations:
D:3 Ijyb


Innate Abilities, Weirdness & Mutations

You can wield a second weapon in your off-hand.
It takes a long time for you to wield or remove held weapons.
Your first few attacks do less damage.
You cannot equip rings or amulets.
Your body sometimes deteriorates upon taking damage.
You are robust. (+10% HP)
Your muscles are strong. (Str +4, Int/Dex -1)


Message History

You open the door.
Found an escape hatch in the floor.
No target in view!
There is an open door here.
Ijyb the Inquisitive comes into view.
She is wielding a +0 club and carrying a wand of mindburst.
Ijyb shouts!
Ijyb screams, "Me am play god!"
You shoot a sling bullet. The sling bullet closely misses Ijyb.
You shoot a sling bullet.
The sling bullet hits Ijyb but does no damage.
Ijyb is nearby!
You shoot a sling bullet. The sling bullet hits Ijyb.
Ijyb is lightly wounded.
You shoot a sling bullet. The sling bullet closely misses Ijyb.
Ijyb is nearby!
You shoot a sling bullet. The sling bullet hits Ijyb.
Ijyb is lightly wounded.
You shoot a sling bullet.
The sling bullet hits Ijyb but does no damage.
Ijyb is lightly wounded.
Ijyb completely misses you.
You shoot a sling bullet. The sling bullet hits Ijyb.
Ijyb is moderately wounded.
You shoot a sling bullet.
The sling bullet hits Ijyb but does no damage.
Ijyb is moderately wounded.
Ijyb zaps a wand.
Your mind is blasted!
Ouch! That really hurt!
Ijyb hits you with a +0 club.
* * * LOW HITPOINT WARNING * * *
You are too injured to fight recklessly!
Unknown command.
It was a potion of mutation.
You feel extremely strange.
You feel yourself wasting away.
You feel robust.
You feel stronger. Ijyb closely misses you.
It was a potion of cancellation.
You feel magically purged.
Ijyb zaps a wand.
Your mind is blasted!
You die...
Ijyb screams, "Time for next experiment!"
Cheibriados appreciates the motionlessness of death.

######...#.#..# #.## #
.........#.#..# #..####...
####...#.#.#..###.......†#
##.###...#........####.
###..........#####.....#
..#..#.####### #...###.#
#.#........# #.#####.#
#..........#####'#......
.#..............@g.#
.#####..##...........# .#
..###.......##.# .#
..##.....>.#. # .#
..##.......##. .#
#.......+ .. .. #.......#
## .. #.......# ..


You could see Ijyb.

Vanquished Creatures
  2 adders (D:2)
  2 ribbon worms (D:2)
  3 bats
  4 endoplasms
  A giant cockroach (D:1)
  5 hobgoblins
  A kobold (D:3)
  4 ball pythons
  3 frilled lizards
  3 goblins (D:2)
  A rat (D:2)
29 creatures vanquished.

Notes
Turn   | Place    | Note
-------+----------+-------------------------------------------
     0 | D:1      | runemasterragnar the Coglin Hunter began the quest for the
                  | Orb.
     0 | D:1      | Reached XP level 1. HP: 16/16 MP: 1/1
    57 | D:1      | You fall into a shaft and drop 1 floor!
    73 | D:2      | Reached XP level 2. HP: 14/22 MP: 2/2
   143 | D:2      | Reached skill level 4 in Ranged Weapons
   227 | D:2      | Reached XP level 3. HP: 28/28 MP: 3/3
   948 | D:1      | Found a faded altar of an unknown god.
  1222 | D:1      | Prayed at the altar of an unknown god.
  1222 | D:1      | Became a worshipper of Cheibriados the Contemplative
  1222 | D:1      | Reached * piety under Cheibriados
  1346 | D:3      | Noticed Ijyb
  1351 | D:3      | Gained mutation: Your body sometimes deteriorates upon
                  | taking damage. [potion of mutation]
  1351 | D:3      | Gained mutation: You are robust. (+10% HP) [potion of
                  | mutation]
  1351 | D:3      | Gained mutation: Your muscles are strong. (Str +4, Int/Dex
                  | -1) [potion of mutation]
  1352 | D:3      | Blown up by Ijyb

Illustrated notes

Levels and vault maps discovered:
D:1:      matt_arrival_los_fun, layout_basic,
          chequers_ecumenical_altar_simple_redux, dk_noncrumbling_4
D:2:      layout_loops_ring, kennysheep_boxes
D:3:      layout_basic, uniq_ijyb

Skill      XL: |  1  2 |
---------------+-------+-----
Ranged Weapons | 4 |  4.5
Fighting       | |  2.8
Dodging        | |  1.7
Stealth        | |  0.7

Action                     || total
---------------------------++-------
   Fire: Sling             ||   134
    Use: Potion            ||     2
 Armour: Leather armour    ||     7
  Dodge: Dodged            ||     6

Table legend: (Time is in decaauts)
 A = Elapsed time spent in this place.
 B = Non-inter-level travel time spent in this place.
 C = Inter-level travel time spent in this place.
 D = Time resting spent in this place.
 E = Time spent auto-exploring this place.
 F = Levels seen in this place.
 G = Mean time per level.
                   A        B        C        D        E       F      G
               +--------+--------+--------+--------+--------+-----+--------+
         Total |   1409 |   1283 |    126 |     65 |   1051 |   3 |  469.7 |
       Dungeon |   1409 |   1283 |    126 |     65 |   1051 |   3 |  469.7 |
               +--------+--------+--------+--------+--------+-----+--------+

Top non-repeatable levels by time:
     D:2: 710 daAuts
     D:1: 592 daAuts
     D:3: 105 daAuts
